 Dungeon Crawl Stone Soup version 0.30-a0-439-g9e77e4d916 (webtiles) character file.

Game seed: 17895360894657934124

88 AigisTheKnight the Firebug (level 4, -4/30 HPs)
             Began as a Demonspawn Fire Elementalist on Dec 10, 2022.
             Was an Initiate of Gozag.
             Slain by a gnoll
             ... wielding a +2 flail of protection
              (8 damage)
             ... on level 2 of the Dungeon.
             The game lasted 00:02:56 (2135 turns).

AigisTheKnight the Firebug (DsFE)                   Turns: 2135, Time: 00:02:57

Health: -4/30      AC:  4    Str:  8    XL:     4   Next: 30%
Magic:  7/7        EV: 12    Int: 18    God:    Gozag
Gold:   28         SH:  0    Dex: 14    Spells: 7/8 levels left

rFire   . . .      SeeInvis .    d - +0 long sword
rCold   . . .      Faith    .    (no shield)
rNeg    . . .      Spirit   .    a - +0 robe
rPois   .          Reflect  .    (no helmet)
rElec   .          Harm     .    (no cloak)
rCorr   .          Rampage  .    (no gloves)
Will    .....                    (no boots)
Stlth   ++........               (no amulet)
HPRegen 0.25/turn                o - ring of flight
MPRegen 0.10/turn                (no ring)

@: flying
A: icy blue scales 1, powered by pain 1
a: Renounce Religion, Potion Petition, Call Merchant, Bribe Branch


You were on level 2 of the Dungeon.
You worshipped Gozag.
Gozag was noncommittal.
You visited 1 branch of the dungeon, and saw 3 of its levels.

You collected 63 gold pieces.
You paid 35 gold pieces to Gozag.

Inventory:

Hand Weapons
 c - a +0 club
 d - a +0 long sword (weapon)
Armour
 a - a +0 robe (worn)
Jewellery
 o - a ring of flight (left hand)
Scrolls
 e - a scroll of amnesia {unknown}
 f - 4 scrolls of identify {unknown}
 i - a scroll of butterflies {unknown}
 k - 2 scrolls of magic mapping {unknown}
 l - a scroll of immolation {unknown}
 m - a scroll of blinking {unknown}
 p - a scroll of enchant armour {unknown}
 q - a scroll of teleportation {unknown}
 r - a scroll of vulnerability {unknown}
 s - a scroll of enchant weapon {unknown}
Potions
 b - a potion of magic
 h - a potion of mutation {unknown}
 j - a potion of cancellation {unknown}
 n - a potion of flight {unknown}


   Skills:
 + Level 2.4 Dodging
 + Level 2.5 Stealth
 + Level 2.5 Spellcasting
 + Level 2.0 Conjurations
 + Level 3.2 Fire Magic


You had 7 spell levels left.
You knew the following spells:

 Your Spells              Type           Power      Damage    Failure   Level
a - Foxfire               Conj/Fire      44%        2x1d6     6%          1

Your spell library contained the following spells:

 Spells                   Type           Power      Damage    Failure   Level
 Scorch                   Fire           26%        2d6       7%          2
 Cigotuvi's Dreadful Rot  Necr/Pois/Air  4%         N/A       26%         2
 Poisonous Vapours        Pois/Air       4%         N/A       26%         2
 Inner Flame              Hex/Fire       8%         N/A       26%         3
 Kindle Blastsparks       Fire/Tloc/Air  12%        2d11      32%         3
 Mephitic Cloud           Conj/Pois/Air  4%         N/A       36%         3
 Flame Wave               Conj/Fire      11%        2d6       50%         4


Dungeon Overview and Level Annotations

Branches:
Dungeon (3/15)

Altars:
Cheibriados
Gozag

Shops:
D:1 !


Innate Abilities, Weirdness & Mutations

You are partially covered in icy blue scales. (AC +2)
You sometimes gain a little power by taking damage.


Message History

You struggle against the net.
You struggle against the net.
You struggle against the net.
You rip the net and break free!
The gnoll attacks as you move away! The gnoll barely misses you.
The gnoll attacks as you move away!
The gnoll hits you with a +2 flail of protection!
The gnoll attacks as you move away! The gnoll completely misses you.
The gnoll attacks as you move away!
The gnoll hits you with a +2 flail of protection!
Casting: Foxfire (safe; 6% risk of failure)
Confirm with . or Enter, or press ? or * to list all spells.
You conjure some foxfire!
The gnoll hits you with a +2 flail of protection!
* * * LOW HITPOINT WARNING * * *
Your foxfire dissipates!
The foxfire hits the gnoll but does no damage.
Unknown command.
It was a potion of heal wounds.
You feel much better. The gnoll barely misses you.
The gnoll attacks as you move away! The gnoll closely misses you.
The gnoll attacks as you move away! The gnoll misses you.
The gnoll attacks as you move away!
The gnoll hits you with a +2 flail of protection.
The gnoll attacks as you move away!
The gnoll hits you with a +2 flail of protection.
The gnoll attacks as you move away!
The gnoll hits you with a +2 flail of protection!
The gnoll attacks as you move away! The gnoll closely misses you.
The gnoll attacks as you move away! The gnoll closely misses you.
The gnoll attacks as you move away! The gnoll barely misses you.
There is an escape hatch in the ceiling here.
The gnoll hits you with a +2 flail of protection!
A mysterious force pulls you upwards. The hatch slams shut behind you.
Unknown command.
The gnoll hits you with a +2 flail of protection!
* * * LOW HITPOINT WARNING * * *
The gnoll hits you with a +2 flail of protection!
You die...
Your body crumbles into a pile of gold.

######..####..#.#....##..........
##......##....#...#####..........
)†.###.##..#..###.## ##.........
..####.##.###......# ##........
....##.##.#.....^..## ##...###.
....................## ##.### #.
..###...#............####..# ##
..##..#..............##...##
..##.###........@....#..####
####.###.......g...........#
#.>..##.......##....#..#...##
#.####..###.#######....##...##
..# ##.## #..# #.......#..####
.## #..# ##.# #...###........
#####.## #.# ##.....#.####..
...##.# #.### ##.###.#.# #...
##....######...####..# #...###...


You could see a gnoll.

Vanquished Creatures
  Jessica (D:2)
  2 adders (D:2)
  A gnoll (D:1)
  4 bats
  3 endoplasms
  4 giant cockroaches
  4 goblins
  4 hobgoblins
  2 ball pythons
  2 frilled lizards
  3 kobolds
  3 rats
33 creatures vanquished.

Vanquished Creatures (others)
  65 foxfires
65 creatures vanquished.

Grand Total: 98 creatures vanquished

Notes
Turn   | Place    | Note
-------+----------+-------------------------------------------
     0 | D:1      | AigisTheKnight the Demonspawn Fire Elementalist began the
                  | quest for the Orb.
     0 | D:1      | Reached XP level 1. HP: 13/13 MP: 3/3
    70 | D:1      | Gained mutation: You are partially covered in icy blue
                  | scales. (AC +2) [demonic ancestry]
    70 | D:1      | Reached XP level 2. HP: 3/19 MP: 0/5
   478 | D:1      | Found Qyfuwk's Distillery.
  1232 | D:2      | Noticed Jessica
  1236 | D:2      | Killed Jessica
  1237 | D:2      | Reached skill level 3 in Fire Magic
  1237 | D:2      | Reached XP level 3. HP: 24/24 MP: 1/6
  1489 | D:2      | Gained mutation: You sometimes gain a little power by
                  | taking damage. [demonic ancestry]
  1489 | D:2      | Reached XP level 4. HP: 27/30 MP: 7/7
  1944 | D:3      | Found an opulent altar of Gozag.
  2007 | D:3      | Became a worshipper of Gozag Ym Sagoz the Greedy
  2067 | D:3      | Found a snail-covered altar of Cheibriados.
  2135 | D:2      | Slain by a gnoll

Illustrated notes

Levels and vault maps discovered:
D:1:      psy_arrival_statuary, layout_loops_corners, serial_shops, shop
D:2:      layout_rooms, basic_altar, uniq_jessica
D:3:      minmay_bubble_buster, layout_loops_ring,
          mainiacjoe_overflow_boulevard,
          nicolae_gozag_cash_rules_everything_around_me, marbit_many_paths,
          roderic_lattice_a, uniq_ijyb, uniq_terence

Skill      XL: |  1  2  3  4 |
---------------+-------------+-----
Stealth        | 2 |  2.5
Dodging        | 2 |  2.4
Fire Magic     | 3 |  3.2
Conjurations   | 2 |  2.0
Spellcasting   | |  2.5

Action                   |  1- 3 |  4- 6 || total
-------------------------+-------+-------++-------
Melee: Unarmed           |    11 |       ||    11
       Long sword        |    51 |    13 ||    64
       Punch             |     2 |       ||     2
 Cast: Foxfire           |    29 |    12 ||    41
  Use: Potion            |       |     1 ||     1
 Stab: Sleeping          |     1 |       ||     1
Armor: Robe              |    24 |     5 ||    29
Dodge: Dodged            |    47 |    28 ||    75

Table legend: (Time is in decaauts)
 A = Elapsed time spent in this place.
 B = Non-inter-level travel time spent in this place.
 C = Inter-level travel time spent in this place.
 D = Time resting spent in this place.
 E = Time spent auto-exploring this place.
 F = Levels seen in this place.
 G = Mean time per level.
                   A        B        C        D        E       F      G
               +--------+--------+--------+--------+--------+-----+--------+
         Total |   2159 |   2062 |     97 |    149 |   1570 |   3 |  719.7 |
       Dungeon |   2159 |   2062 |     97 |    149 |   1570 |   3 |  719.7 |
               +--------+--------+--------+--------+--------+-----+--------+

Top non-repeatable levels by time:
     D:1: 1248 daAuts
     D:2: 710 daAuts
     D:3: 199 daAuts
